Map: Acropolis LE

Players

Djorn - Winner!

  • Race: Protoss Protoss
  • Spawn Location: 5:00

A.I. 1 (Very Easy)

  • Race: Protoss Protoss
  • Spawn Location: 11:00

VOD

Have the link to the VOD?

Description

Time

  • Played on: Aug. 22, 2019, 11:19 p.m.
  • Length: 5:04
Show
View Real Time Build Order
Export as new Build Order

Djorn Protoss - Winner!

Build Orders:  

Get SALT Encoding   

  12  0:02  Probe  
  13  0:14  Probe  
  13  0:21  Pylon  
  14  0:26  Probe  
  15  0:37  Probe  
  16  0:45  Gateway  
  16  0:46  Probe  
  17  0:54  Probe  
  17  0:59  Assimilator  
  18  1:05  Probe  
  19  1:17  Probe  
  20  1:19  Pylon  
  20  1:29  Probe  
  21  1:39  Cybernetics Core  
  21  1:45  Probe  
  22  1:57  Probe  
  23  2:04  Assimilator  
  23  2:13  Warp Gate  
  23  2:32  Gateway  
  23  2:33  Gateway  
  23  2:41  Pylon  
  23  2:55  Zealot  
  25  3:13  Gateway x2  
  25  3:14  Zealot  
  27  3:30  Adept  
  27  3:32  Adept  
  31  3:39  Probe  
  31  3:41  Stalker  
  34  3:49  Pylon  
  34  3:51  Probe  
  35  4:04  Probe  
  36  4:11  Adept x2  
  36  4:16  Probe  
  41  4:52  Zealot x2  
  43  4:53  Zealot  
Show
View Real Time Build Order
Export as new Build Order

A.I. 1 (Very Easy) Protoss 

Build Orders:  

Get SALT Encoding   

  12  0:00  Probe  
  13  0:13  Probe  
  14  0:19  Pylon  
  14  0:37  Assimilator  
  14  0:43  Gateway  
  14  0:45  Pylon  
  14  1:14  Assimilator  
  14  1:23  Probe  
  14  1:24  Zealot  
  14  1:31  Probe  
  15  1:33  Cybernetics Core  
  18  1:41  Probe  
  19  1:53  Probe  
  20  1:59  Warp Gate  
  20  2:02  Probe  
  21  2:10  Probe  
  22  2:47  Stalker  
  24  4:21  Probe  
  24  4:27  Stalker  
  24  4:30  Pylon  
  22  4:38  Probe  
  20  4:50  Probe  
  14  4:56  Zealot  
Tags
 
Matchup
PvP
Replay Pack
sc2replays
Spawn Locations
Cross Positions
Add a new tag
Caveats
  • Supply blocks, unpowered buildings, or Contaminate may cause inaccurate times.
  • Supply counts are checked every 10 seconds.